 Dungeon Crawl Stone Soup version 0.30.1-3-gfc49f6343a (webtiles) character file.

Game seed: 10577453813382602190

3008 Isac the Thaumaturge (level 9, -8/47 HPs)
             Began as a Deep Elf Summoner on Aug 5, 2023.
             Was a Believer of Sif Muna.
             Mangled by a komodo dragon (29 damage)
             ... on level 8 of the Dungeon on Aug 6, 2023.
             The game lasted 01:17:54 (6565 turns).

Isac the Thaumaturge (Deep Elf Summoner)            Turns: 6565, Time: 01:17:55

Health: -8/47      AC:  7    Str:  5    XL:     9   Next: 54%
Magic:  30/35      EV: 13    Int: 25    God:    Sif Muna [**....]
Gold:   347        SH:  5    Dex: 15    Spells: 18/31 levels left

rFire   . . .        D - +0 shortbow
rCold   . . .        (shield currently unavailable)
rNeg    . . .        a - +0 robe
rPois   .            u - +2 helmet
rElec   .            d - +1 cloak
rCorr   .            (no gloves)
SInv    .            (no boots)
Will    .....        c - amulet of reflection
Stlth   +++          B - ring of magical power
HPRegen 0.27/turn    (no ring)
MPRegen 0.24/turn

%: reflection
@: lethally poisoned (-8 -> -11), slowed, very slow
A: no striking features
a: Renounce Religion, Channel Magic


You were on level 8 of the Dungeon.
You worshipped Sif Muna.
Sif Muna was pleased with you.
You visited 2 branches of the dungeon, and saw 9 of its levels.

You collected 347 gold pieces.

Inventory:

Hand Weapons
 l - a +2 dagger of pain
 t - a +1 dagger of venom
 D - a +0 shortbow (weapon)
 E - a +0 sling
 U - a +0 heavy flail
 W - a +0 trident of protection
 Y - a +2 dagger of venom
 Z - a +0 falchion
Missiles
 o - 4 silver javelins
 y - 2 boomerangs
 z - 4 javelins
 I - 7 poisoned darts
Armour
 a - a +0 robe (worn)
 d - a +1 cloak (worn)
 p - a +0 leather armour
 q - a scarf of resistance
 u - a +2 helmet (worn)
 G - a +0 ring mail
 O - a +0 barding
 P - a +0 ring mail
 X - a +0 robe
Magical Staves
 i - a staff of fire
Jewellery
 c - an amulet of reflection (around neck)
 B - a ring of magical power (left hand)
Wands
 H - a wand of flame (32)
 Q - a wand of quicksilver (17)
Scrolls
 f - a scroll of summoning {unknown}
 g - a scroll of magic mapping {unknown}
 h - 11 scrolls of identify {unknown}
 j - a scroll of amnesia {unknown}
 n - a scroll of fog {unknown}
 s - a scroll of fear {unknown}
 w - a scroll of noise {unknown}
 A - 2 scrolls of poison {unknown}
 F - a scroll of blinking {unknown}
 J - a scroll of brand weapon {unknown}
 K - a scroll of enchant weapon {unknown}
 R - a scroll of acquirement {unknown}
 S - a scroll of vulnerability {unknown}
 T - a scroll of torment {unknown}
 V - 3 scrolls of teleportation {unknown}
Potions
 b - a potion of magic
 e - 2 potions of lignification {unknown}
 k - 4 potions of degeneration {unknown}
 m - a potion of experience {unknown}
 r - a potion of curing {unknown}
 v - a potion of mutation {unknown}
 x - a potion of heal wounds {unknown}
 C - 3 potions of flight {unknown}
 L - a potion of attraction {unknown}
 M - a potion of cancellation {unknown}
 N - a potion of might {unknown}


   Skills:
 + Level 1.3 Fighting
 + Level 0.1 Short Blades
 + Level 4.3 Ranged Weapons
 + Level 3.9 Dodging
 + Level 4.3 Stealth
 + Level 2.0 Shields
 + Level 11.9 Spellcasting
 + Level 1.0 Hexes
 + Level 9.4 Summonings


You had 18 spell levels left.
You knew the following spells:

 Your Spells              Type           Power      Damage    Failure   Level
a - Summon Small Mammal   Summ           100%       N/A       1%          1
b - Call Imp              Summ           100%       N/A       1%          2
c - Call Canine Familiar  Summ           58%        N/A       1%          3
d - Summon Guardian Gole  Hex/Summ       41%        N/A       1%          3
e - Summon Lightning Spi  Summ/Air       38%        N/A       6%          4

Your spell library contained the following spells:

 Spells                   Type           Power      Damage    Failure   Level
 Animate Armour           Summ/Erth      76%        N/A       6%          4
 Stone Arrow              Conj/Erth      28%        3d8       12%         3
 Lehudib's Crystal Spear  Conj/Erth      7%         10d3      100%        8


Dungeon Overview and Level Annotations

Branches:
Dungeon (8/15)             Temple (1/1) D:4            Lair (0/5) D:8

Altars:
Ashenzari
Cheibriados
Fedhas
Hepliaklqana
Kikubaaqudgha
Makhleb
Nemelex Xobeh
Okawaru
Qazlal
Sif Muna
Vehumet
Wu Jian
Xom
Yredelemnul
The Shining One

Shops:
D:1 :   D:3 **   D:5 :


Message History

You feel sick.
Your warg bites the kobold brigand.
Your quokka misses the kobold brigand.
The kobold brigand throws a curare-tipped dart.
The curare-tipped dart misses your quokka.
The curare-tipped dart hits you.
You are more poisoned.
You have difficulty breathing.
You feel as though you will be slow longer.
The kobold misses your cerulean imp. You block the komodo dragon's attack.
Your quokka misses the kobold brigand.
Your warg closely misses the kobold brigand.
Your cerulean imp hits the komodo dragon from afar with a +1 spear.
The kobold brigand throws a curare-tipped dart.
The curare-tipped dart hits your quokka.
Your quokka is poisoned.
Your quokka convulses.
Your quokka seems to slow down.
The kobold hits your quokka but does no damage.
You feel very sick.
Your quokka dies!
Your quokka's corpse disappears in a puff of smoke!
Your quokka closely misses the kobold.
Your warg closely misses the kobold brigand.
Your quokka misses the kobold.
The kobold hits your quokka with a +0 short sword.
The kobold brigand throws a curare-tipped dart.
The curare-tipped dart hits your warg.
The kobold hits your quokka but does no damage.
Your warg barely misses the kobold brigand.
Your cerulean imp hits the komodo dragon but does no damage.
You shoot an arrow. The arrow hits the komodo dragon.
The komodo dragon is moderately wounded.
You feel sick.
Your warg misses the kobold brigand. The komodo dragon barely misses you.
Your quokka closely misses the kobold.
The kobold brigand hits your warg with a +0 dagger.
The kobold hits your quokka with a +0 short sword.
Your quokka dies!
Your quokka's corpse disappears in a puff of smoke!
Your cerulean imp hits the komodo dragon but does no damage.
The komodo dragon bites you!!
Ouch! That really hurt!
You die...

.....##.# #.# #..#.# #...
#...#.###.####....##.....
#........................
#...#####.####....###....
#..## #.# #.....# .
#..######.###.##.##
#........###...###
#..########P....## #..#
#PP..@..# ###..#


#PPPPl.h## #....# #PPPP..§K###.# .....# #PPPPP5.K..))# .....# #PPP..[..K####
.....# #P....P........ ....## #P.>.PPP.###### ....# #P...PPP#. #...# #PPPPPP.###
You could see a komodo dragon (ally target), a kobold brigand (ally target), a
kobold, a friendly warg (summoned) and a friendly cerulean imp (summoned).

Vanquished Creatures
  A bullfrog (D:7)
  An iguana (D:5)
  An adder (D:4)
  A white imp (D:5)
  A bat (D:2)
  An endoplasm (D:4)
  A hobgoblin (D:1)
  A ball python (D:1)
  2 kobolds
10 creatures vanquished.

Vanquished Creatures (collateral kills)
  Grinder (D:6)
  Duvessa (D:6)
  2 sky beasts
  3 black bears (D:6)
  3 ice beasts
  2 ogres
  A centaur (D:5)
  A wyvern zombie (D:7)
  A gnoll sergeant (D:7)
  3 necrophages (D:7)
  4 scorpions
  Dowan (D:6)
  A human zombie (D:7)
  2 centaur zombies (D:7)
  7 hounds
  3 orc priests (D:3)
  3 sleepcaps
  3 iguanas
  Natasha (thrice) (D:3)
  4 orc wizards
  A killer bee zombie (D:7)
  3 mummies (D:7)
  A howler monkey zombie (D:7)
  3 gnolls (D:7)
  5 adders
  2 white imps
  An ufetubus (D:5)
  A worm (D:4)
  2 dart slugs
  18 orcs
  10 endoplasms
  2 giant cockroaches
  7 goblins
  4 hobgoblins
  7 jackals
  5 quokkas
  5 ball pythons
  3 bats
  3 frilled lizards
  10 kobolds
  2 rats (D:2)
144 creatures vanquished.

Vanquished Creatures (others)
  A kobold brigand (D:7)
1 creature vanquished.

Grand Total: 155 creatures vanquished

Notes
Turn   | Place    | Note
-------+----------+-------------------------------------------
     0 | D:1      | Isac the Deep Elf Summoner began the quest for the Orb.
     0 | D:1      | Reached XP level 1. HP: 10/10 MP: 6/6
    57 | D:1      | Found Gauq's Book Shoppe.
   348 | D:1      | Reached XP level 2. HP: 13/15 MP: 5/8
   589 | D:1      | Learned a level 2 spell: Call Imp
  1718 | D:2      | Reached skill level 4 in Spellcasting
  1718 | D:2      | Reached XP level 3. HP: 19/19 MP: 6/10
  1729 | D:2      | Learned a level 3 spell: Call Canine Familiar
  2415 | D:3      | Reached XP level 4. HP: 24/24 MP: 7/12
  2453 | D:3      | Noticed Natasha
  2476 | D:3      | Killed Natasha
  2477 | D:3      | Reached skill level 1 in Shields
  2742 | D:3      | Noticed Natasha
  2778 | D:3      | Killed Natasha
  2779 | D:3      | Reached skill level 5 in Summonings
  2833 | D:3      | Found Ybbesoam's Assorted Antiques.
  2833 | D:3      | Found a broken altar of Ashenzari.
  2834 | D:3      | Found a basalt altar of Yredelemnul.
  2835 | D:3      | Found a shimmering blue altar of Sif Muna.
  2852 | D:3      | Found Aqogin's Assorted Antiques.
  2877 | D:3      | Became a worshipper of Sif Muna the Loreminder
  2921 | D:3      | Noticed a scorpion
  2934 | D:3      | Reached XP level 5. HP: 4/28 MP: 9/14
  2937 | D:3      | Reached skill level 5 in Spellcasting
  3051 | D:3      | Noticed Natasha
  3057 | D:3      | Killed Natasha
  3151 | D:3      | Reached skill level 6 in Spellcasting
  3161 | D:3      | Reached XP level 6. HP: 10/32 MP: 13/17
  3288 | D:4      | Reached skill level 7 in Spellcasting
  3309 | D:4      | Found a staircase to the Ecumenical Temple.
  3347 | D:4      | Reached * piety under Sif Muna
  3441 | D:4      | Reached XP level 7. HP: 24/36 MP: 12/19
  3970 | Temple   | Entered the Ecumenical Temple
  4069 | D:5      | Entered Level 5 of the Dungeon
  4085 | D:5      | Reached skill level 1 in Ranged Weapons
  4149 | D:5      | Reached skill level 8 in Spellcasting
  4200 | D:5      | Learned a level 3 spell: Summon Guardian Golem
  4205 | D:5      | Learned a level 4 spell: Summon Lightning Spire
  4272 | D:5      | Reached skill level 1 in Fighting
  4272 | D:5      | Reached XP level 8. HP: 43/43 MP: 22/22
  4461 | D:5      | Found Vufia's Book Shoppe.
  4616 | D:5      | Reached ** piety under Sif Muna
  4620 | D:5      | Reached skill level 9 in Spellcasting
  5026 | D:6      | Noticed Grinder
  5045 | D:6      | Killed Grinder
  5275 | D:6      | Reached skill level 10 in Spellcasting
  5275 | D:6      | Reached XP level 9. HP: 47/47 MP: 25/25
  5298 | D:6      | Noticed Dowan
  5299 | D:6      | Noticed Duvessa
  5308 | D:6      | Killed Dowan
  5323 | D:6      | Killed Duvessa
  5693 | D:7      | Reached skill level 11 in Spellcasting
  5754 | D:7      | Found an ancient bone altar of Kikubaaqudgha.
  6002 | D:7      | Reached skill level 1 in Hexes
  6544 | D:8      | Found a staircase to the Lair.
  6545 | D:8      | Noticed a komodo dragon
  6565 | D:8      | Mangled by a komodo dragon

Illustrated notes

Levels and vault maps discovered:
D:1:      tarquinn_simple_flora_water_f, layout_loops_corners, serial_shops,
          shop, shapermc_ecumenical_altar_gd
D:2:      layout_rooms
D:3:      layout_basic, chequers_temple_overflow_statue_of_worship,
          serial_shops, shop, shop, uniq_natasha
D:4:      layout_cave_pools, minmay_temple_entry_purple_smoke, minivault_27
D:5:      layout_cave_pools, serial_shops, shop, cheibrodos_sewer_entry_bend,
          uniq_menkaure
D:6:      layout_basic, uniq_grinder, uniq_duvessa
D:7:      layout_loops_ring, lemuel_mausoleum_altar_kikubaaqudgha,
          minmay_misc_feat_rugged
D:8:      minmay_curly_fans, layout_loops_corners, david_lair_shrubbed,
          minmay_crystal_water, nicolae_shop_distant_corner_stores,
          supply_closet_lemuel, minmay_door_square
Temple:   regret_index_temple_mists

Skill      XL: |  1  2  3  4  5  6  7  8  9 |
---------------+----------------------------+-----
Spellcasting   | 4 6 7 8 10 11 | 11.9
Shields        | 1 2 |  2.0
Summonings     | 5 6 7 8 9 |  9.4
Stealth        | 3 4 |  4.3
Ranged Weapons | 2 3 4 |  4.3
Dodging        | 3 |  3.9
Fighting       | 1 |  1.3
Hexes          | 1 |  1.0
Short Blades   | |  0.1

Action                     |  1- 3 |  4- 6 |  7- 9 || total
---------------------------+-------+-------+-------++-------
  Melee: Short sword       |     9 |       |       ||     9
   Fire: Sling             |    18 |     6 |    14 ||    38
         Shortbow          |       |       |    20 ||    20
   Cast: Summon Small Mamm |    41 |    24 |    46 ||   111
         Call Imp          |     9 |    12 |    22 ||    43
         Call Canine Famil |     1 |     8 |    25 ||    34
         Summon Guardian G |       |       |     8 ||     8
 Armour: Robe              |     9 |     3 |    25 ||    37
  Dodge: Dodged            |    50 |    14 |    64 ||   128
  Block: Other             |    20 |     2 |    31 ||    53
         Reflection        |     2 |       |     6 ||     8
